 Dungeon Crawl Stone Soup version 0.22-a0-410-g97be04f (webtiles) character file.

21 Collin1234 the Covered (level 2, 0/25 HPs)
             Began as a Barachi Fighter on May 11, 2018.
             Killed by nerve-wracking pain
             ... invoked by an orc priest
              (8 damage)
             ... on level 2 of the Dungeon.
             The game lasted 00:03:36 (1139 turns).

Collin1234 the Covered (Barachi Fighter)            Turns: 1139, Time: 00:03:37

Health: 0/25       AC:  7    Str: 17    XL:     2   Next: 83%
Magic:  2/2        EV:  9    Int:  8    God:
Gold:   95         SH:  9    Dex: 11    Spells: 1/1 levels left

rFire    . . .     SeeInvis .   a - +0 flail
rCold    . . .     Gourm    .   c - +0 shield
rNeg     . . .     Faith    .   b - +0 scale mail
rPois    .         Spirit   .   (no helmet)
rElec    .         Reflect  .   (no cloak)
rCorr    .         Harm     .   (no gloves)
MR       .....                  (no boots)
Stlth    ..........             m - amulet of rage
HPRegen  0.08/turn              k - +2 ring of evasion
MPRegen  0.08/turn              (no ring)

@: slow
A: +LOS, swims, slowness 1, strong legs 1
a: Hop, Evoke Berserk Rage


You were on level 2 of the Dungeon.
You were very hungry.

You visited 1 branch of the dungeon, and saw 3 of its levels.

You collected 95 gold pieces.

Inventory:

Hand Weapons
 a - a +0 flail (weapon)
Missiles
 j - 23 stones (quivered)
Armour
 b - a +0 scale mail (worn)
 c - a +0 shield (worn)
Jewellery
 k - a +2 ring of evasion (left hand)
 m - an amulet of rage (around neck)
Potions
 d - a potion of might
 e - 3 potions of heal wounds
 g - 2 potions of haste
 h - 2 potions of mutation
 l - 2 potions of curing
 n - a potion of resistance {unknown}
Comestibles
 f - 3 rations


   Skills:
 + Level 3.7 Fighting
 + Level 3.0 Maces & Flails
 + Level 3.9 Armour
 + Level 3.4 Shields


You had one spell level left.
You didn't know any spells.

Dungeon Overview and Level Annotations

Branches:
Dungeon (3/15)

Altars:
Cheibriados


Innate Abilities, Weirdness & Mutations

Shadows flee at your approach. (+LOS)
You can swim through water.
You cover ground slowly.
You can hop short distances.


Message History

Okay, then.
You feel much better.
The orc priest calls down the wrath of Beogh upon you.
Pain shoots through your body! The orc misses you.
Unknown command.
You closely miss the orc priest.
The orc priest is lightly wounded.
The orc priest begins to cast a cantrip, but forgets the words!
The orc hits you but does no damage.
You sock the orc priest!
The orc priest is almost dead.
The orc priest hits you but does no damage.
You block the orc's attack.
The orc priest hits you but does no damage.
You hit the orc priest but do no damage.
The orc priest is almost dead.
The orc hits you but does no damage.
The orc priest calls down the wrath of Beogh upon you.
Pain shoots through your body!
You die...

### #.# #.#### ###
#######....# #.####
#.##....##.###....#
#.#..##.##........#
#...@.............###
#..oo.............'..
#).......#.####...#.#
##..........####...#..
#..............'...#..
#...........####...#..
#...........# #...#..
#....###....########.#
#...## #.<...........#


You could see an orc priest and an orc.

Vanquished Creatures
  A worm (D:3)
  A leopard gecko (D:1)
  A giant cockroach (D:1)
  2 goblins (D:1)
  3 hobgoblins (D:2)
  3 bats
  A frilled lizard (D:2)
  4 kobolds (D:1)
16 creatures vanquished.

Notes
Turn   | Place    | Note
-------+----------+-------------------------------------------
     0 | D:1      | Collin1234 the Barachi Fighter began the quest for the Orb.
     0 | D:1      | Reached XP level 1. HP: 18/18 MP: 1/1
   237 | D:1      | Reached XP level 2. HP: 21/25 MP: 2/2
   874 | D:2      | Found a snail-covered altar of Cheibriados.
  1139 | D:2      | Killed from afar by an orc priest

Vault maps used:
D:1:      mrwooster_arrival_statue_2
D:2:      cheibriados_altar_1
D:3:      first_ration, eino_tiny_chamber, uniq_robin

Skill      XL: |  1  2 |
---------------+-------+-----
Maces & Flails | 3 |  3.0
Fighting       | |  3.7
Armour         | |  3.9
Shields        | |  3.4

Action                   || total
-------------------------++-------
Melee: Flail             ||    61
  Use: Scroll            ||     5
       Potion            ||     1
Armor: Scale mail        ||    38
Dodge: Dodged            ||    18
Block: Shield            ||    35

Table legend:
 A = Spawn XP
 B = Non-spawn XP
 C = Spawn XP percentage of total XP
 D = Spawn monster count
 E = Non-spawn monster count
 F = Spawn count percentage of total count
 G = Total turns spent on level
                    A         B        C        D         E        F      G
               +---------+---------+-------+---------+---------+-------+---------
         Total |       0 |      30 |   0.0 |       0 |      16 |   0.0 |  1139
               +---------+---------+-------+---------+---------+-------+---------
           D:1 |       0 |      17 |   0.0 |       0 |      10 |   0.0 |   593
           D:2 |       0 |       8 |   0.0 |       0 |       5 |   0.0 |   518
           D:3 |       0 |       5 |   0.0 |       0 |       1 |   0.0 |    28
               +---------+---------+-------+---------+---------+-------+---------
